 Dungeon Crawl Stone Soup version 0.29.1-15-g9cfb28693d (webtiles) character file.

Game seed: 9619681358440531378

1820 leafyfresh the Covert (level 9, -17/60 (61) HPs)
             Began as an Octopode Delver on Feb 25, 2023.
             Killed from afar by Maggie (27 damage)
             ... with a bolt of fire
             ... on level 7 of the Dungeon.
             The game lasted 00:12:21 (7247 turns).

leafyfresh the Covert (Octopode Delver)             Turns: 7247, Time: 00:12:22

HP:   -17/60 (61)   AC:  2    Str: 14    XL:     9   Next: 10%
MP:   14/14         EV: 15    Int: 14    God:
Gold: 336           SH:  0    Dex: 16    Spells: 2/15 levels left

rFire   x . .      SeeInvis +   u - +4 scythe (freeze)
rCold   + + .      Faith    .   (shield currently unavailable)
rNeg    . . .      Spirit   .   l - +1 hat "Faffut" {+Blink Str+3 Stlth+}
rPois   +          Reflect  .   (no amulet)
rElec   .          Harm     .   j - ring of protection from cold
rCorr   .          Rampage  .   o - ring of wizardry
Will    .....                   v - ring of ice
Stlth   ++++++....              t - ring of see invisible
HPRegen 0.20/turn               x - ring of poison resistance
MPRegen 0.14/turn               (no ring)
                                (no ring)
                                (no ring)

@: about to teleport, mesmerised, lightly drained
A: almost no armour, amphibious, 8 rings, camouflage 1, gelatinous body 1,
(nimble swimmer 1), tentacles
a: Evoke Blink


You were on level 7 of the Dungeon.
You visited 1 branch of the dungeon, and saw 7 of its levels.
You also visited: Sewer.

You collected 336 gold pieces.

Inventory:

Hand Weapons
 a - a +0 short sword
 u - a +4 scythe of freezing (weapon)
Missiles
 I - 2 boomerangs of dispersal (quivered)
Armour
 l - the +1 hat "Faffut" (worn) {+Blink Str+3 Stlth+}
   (You acquired it in a sewer)

   Str:       It affects your strength (+3).
   +Blink:    It lets you blink.
   Stlth:     It makes you more stealthy.
Jewellery
 j - a ring of protection from cold (left tentacle)
 o - a ring of wizardry (right tentacle)
 t - a ring of see invisible (on tentacle)
 v - a ring of ice (on tentacle)
 x - a ring of poison resistance (on tentacle)
Wands
 f - a wand of digging (3)
 m - a wand of roots (6)
 C - a wand of acid (7)
 D - a wand of flame (28)
Scrolls
 b - 2 scrolls of fog
 d - a scroll of fear
 g - a scroll of vulnerability
 k - a scroll of immolation
 p - 2 scrolls of blinking
 q - 4 scrolls of amnesia
 r - 3 scrolls of silence
 y - 3 scrolls of noise
 F - 3 scrolls of poison {unknown}
 G - 3 scrolls of enchant armour {unknown}
Potions
 e - 2 potions of haste
 h - 6 potions of curing {unknown}
 i - 2 potions of ambrosia {unknown}
 s - 3 potions of flight {unknown}
 w - 3 potions of degeneration {unknown}
 z - 3 potions of attraction {unknown}
 A - 3 potions of brilliance {unknown}
 E - a potion of cancellation {unknown}
 H - a potion of magic {unknown}


   Skills:
 - Level 5.6 Fighting
 - Level 2.0 Short Blades
 - Level 5.1 Dodging
 - Level 9.5 Stealth
 - Level 3.6 Spellcasting
 - Level 1.6 Translocations
 + Level 5.7 Transmutations
 - Level 2.0 Ice Magic


You had 2 spell levels left.
You knew the following spells:

 Your Spells              Type           Power      Damage    Failure   Level
a - Teleport Other        Tloc           7%         N/A       12%         3
b - Frozen Ramparts       Ice            24%        1d4       11%         3
c - Ice Form              Ice/Tmut       20%        N/A       16%         4
d - Gell's Gravitas       Tloc           7%         N/A       12%         3

Your spell library contained the following spells:

 Spells                   Type           Power      Damage    Failure   Level
 Sting                    Tmut/Pois      40%        1d5       2%          1
 Poisonous Vapours        Pois/Air       4%         N/A       12%         2
 Lesser Beckoning         Tloc           7%         N/A       12%         3
 Summon Ice Beast         Ice/Summ       8%         N/A       45%         4
 Olgreb's Toxic Radiance  Pois           2%         N/A       58%         4


Dungeon Overview and Level Annotations

Branches:
Dungeon (7/15)             Temple (0/1) D:7           Sewer (visited)

Altars:
Cheibriados
Elyvilon
Fedhas
Gozag
Okawaru
Trog

Shops:
D:7 *=

Annotations:
D:7 Maggie


Innate Abilities, Weirdness & Mutations

You cannot wear most types of armour.
You are amphibious.
You can wear up to eight rings at the same time.
Your skin changes colour to match your surroundings (Stealth+).
Your rubbery body absorbs attacks. (AC +1, EV +1)
((You are camouflaged when in or above water. (Stealth+)))
You have tentacles for arms and can constrict up to eight enemies at once.


Message History

The bullfrog is almost dead.
The bullfrog hits you! x2; The bullfrog closely misses you.
You are no longer entranced.
Unknown command.
You closely miss the bullfrog. You grab the bullfrog. You squeeze the bullfrog.
You kill the bullfrog!
The bullfrog barely misses you. x2
An ice beast comes into view.
The bullfrog releases a deep croak.
The bullfrog closely misses you. The necrophage hits you.
Unknown command.
As you read the scroll of teleportation, it crumbles to dust.
You feel strangely unstable.
The bullfrog hits you but does no damage.
The necrophage closely misses you.
Unknown command.
You barely miss the necrophage. You grab the necrophage.
You squeeze the necrophage, but do no damage.
You constrict the necrophage. The bullfrog hits you.
* * * LOW HITPOINT WARNING * * *
The bullfrog hits you.
* * * LOW HITPOINT WARNING * * *
The necrophage hits you.
* * * LOW HITPOINT WARNING * * *
You feel drained.
You completely miss the necrophage. You squeeze the necrophage.
The necrophage is moderately damaged.
You constrict the necrophage. The bullfrog misses you.
The bullfrog completely misses you.
Maggie casts a spell.
Maggie attempts to bespell you!
You are mesmerised by Maggie!
The necrophage misses you.
An orc warrior comes into view. It is wielding a +0 mace.
The bullfrog hits you.
* * * LOW HITPOINT WARNING * * *
Maggie points at you and mumbles some strange words.
The bolt of fire hits the bullfrog!!
The bolt of fire hits you!! The fire burns you terribly!
You die...

.####..#.....***
.............,,**
.............,,,*
h##..........,,**
..F........#,,,*
....#......#****
..###......### ***
...*#........####♣#.#♣#**
..**#........##n@..∩..+,*
.,*##..........F#♣#.#♣#,*
$,*#...........@# *** *,*
,,*#.........Y..###****,*
,,,.................,,,,*
,,,##.##..<..........,,**
,,,*####.........#.#.***
*,,,**,#.....o...###**
*,,,,,............#**


You could see Maggie (mesmerising), an orc warrior (wandering), an ice beast, a
necrophage and a bullfrog.

Vanquished Creatures
  Sigmund (D:2)
  A steam dragon (D:6)
  2 black bears
  An ogre (D:6)
  A phantom (D:4)
  Blork the orc (D:6)
  2 bullfrogs
  A gnoll sergeant (D:6)
  4 scorpions
  3 jellies
  4 hounds
  Ijyb (D:4)
  2 orc wizards (D:5)
  5 iguanas
  9 adders
  7 gnolls
  5 river rats
  A shadow imp (D:4)
  2 worms
  9 orcs
  9 endoplasms
  2 giant cockroaches (D:2)
  5 goblins
  3 hobgoblins
  7 jackals
  12 kobolds
  4 quokkas
  10 ball pythons
  2 bats (D:1)
  6 frilled lizards
  13 rats
  A butterfly (D:1)
136 creatures vanquished.

Notes
Turn   | Place    | Note
-------+----------+-------------------------------------------
     0 | D:5      | leafyfresh the Octopode Delver began the quest for the Orb.
     0 | D:5      | Reached XP level 1. HP: 16/16 MP: 1/1
    24 | D:5      | Reached XP level 2. HP: 21/21 MP: 2/2
    52 | D:5      | Noticed a black bear
    54 | D:5      | Reached skill level 7 in Stealth
    61 | D:5      | Killed a black bear
    62 | D:5      | Reached XP level 3. HP: 27/27 MP: 3/3
    62 | D:5      | Reached XP level 4. HP: 33/33 MP: 4/4
    90 | D:5      | Reached XP level 5. HP: 32/37 MP: 5/5
   390 | D:5      | Reached skill level 8 in Stealth
   423 | D:5      | Reached XP level 6. HP: 44/44 MP: 6/6
   931 | D:5      | Found a white marble altar of Elyvilon.
  1191 | D:4      | Noticed Ijyb
  1205 | D:4      | HP: 1/44 [Ijyb/+0 club (5)]
  1206 | D:4      | Killed Ijyb
  1714 | D:3      | Found a bloodstained altar of Trog.
  1918 | D:3      | Noticed a black bear
  1927 | D:3      | Killed a black bear
  1928 | D:3      | Reached skill level 5 in Fighting
  1928 | D:3      | Reached skill level 9 in Stealth
  1928 | D:3      | Reached XP level 7. HP: 39/50 MP: 7/7
  2340 | D:3      | Learned a level 3 spell: Teleport Other
  2396 | D:2      | Found an iron altar of Okawaru.
  2632 | D:2      | Noticed Sigmund
  2637 | D:2      | Killed Sigmund
  2638 | D:2      | Reached skill level 5 in Dodging
  2897 | D:2      | Identified the +3 scale mail of Distant Worlds {-Cast
                  | Rampage rC+++ rCorr}
  3555 | D:1      | Found a faded altar of an unknown god.
  3881 | D:2      | Learned a level 3 spell: Frozen Ramparts
  4274 | D:4      | Found a blossoming altar of Fedhas.
  4472 | D:4      | Reached skill level 1 in Translocations
  4472 | D:4      | Reached skill level 1 in Ice Magic
  4472 | D:4      | Reached XP level 8. HP: 52/56 MP: 8/8
  5090 | D:6      | Reached skill level 1 in Spellcasting
  5369 | D:6      | Noticed Blork the orc
  5374 | D:6      | Killed Blork the orc
  5468 | D:6      | Found a snail-covered altar of Cheibriados.
  5526 | D:6      | Found a glowing drain.
  5534 | Sewer    | Entered a sewer
  5561 | Sewer    | Learned a level 4 spell: Ice Form
  5669 | Sewer    | Reached skill level 1 in Transmutations
  5900 | Sewer    | Identified a scroll of acquirement
  5903 | Sewer    | Acquired the +1 hat "Faffut" {+Blink Str+3 Stlth+}
  5974 | D:6      | Learned a level 3 spell: Gell's Gravitas
  6315 | D:6      | Found an opulent altar of Gozag.
  6684 | D:6      | Reached skill level 5 in Transmutations
  6684 | D:6      | Reached XP level 9. HP: 61/61 MP: 14/14
  6902 | D:7      | Found Maefaore's Overcharged Wands.
  6930 | D:7      | Noticed Maggie
  7241 | D:7      | Found Zuryavus's Jewellery Boutique.
  7247 | D:7      | Killed from afar by Maggie

Illustrated notes

Levels and vault maps discovered:
D:1:      spicycebolla_arrival_clurvy, layout_loops_ring,
          chequers_ecumenical_altar_simple, minivault_25, nrook_campfire
D:2:      layout_loops_corners, basic_altar, kennysheep_path_1, uniq_sigmund
D:3:      layout_rooms, nicolae_overflow_crystal_walls, minmay_crystal_water
D:4:      layout_basic, mainiacjoe_overflow_tiny_flanked, hex_medium, uniq_ijyb
D:5:      layout_loops_cross, mainiacjoe_overflow_alcove_4
D:6:      kennysheep_six_static_rooms, layout_loops_ring,
          grunt_gozag_breadcrumbs, mainiacjoe_overflow_alcove_2,
          gup_sewer_entry_bubbles, minmay_misc_feat_encased,
          grunt_decor_junction, kennysheep_generic_room_5, uniq_blork_the_orc
D:7:      layout_cave_pools, minmay_temple_entry_junction_2, enter_ossuary_1,
          serial_shops, kennysheep_little_box, nicolae_shop_overcharged_wands,
          uniq_duvessa, uniq_maggie, uniq_joseph

Skill      XL: |  1  2  3  4  5  6  7  8 |
---------------+-------------------------+-----
Stealth        | 7 8 9 |  9.5
Dodging        | 3 4 5 |  5.1
Fighting       | 4 5 |  5.6
Translocations | 1 |  1.6
Ice Magic      | 1 2 |  2.0
Spellcasting   | 3 |  3.6
Transmutations | 5 |  5.7
Short Blades   | |  2.0

Action                   |  1- 3 |  4- 6 |  7- 9 || total
-------------------------+-------+-------+-------++-------
Melee: Short sword       |     5 |    63 |    34 ||   102
       Tentacles         |     2 |    21 |    29 ||    52
       Constrict         |     1 |    17 |    26 ||    44
       Halberd           |       |       |   169 ||   169
  Use: Scroll            |       |       |    14 ||    14
 Stab: Sleeping          |     3 |     8 |    53 ||    64
       Distracted        |       |       |     1 ||     1
Armor: Skin              |       |     2 |    12 ||    14
Dodge: Dodged            |     3 |    35 |   124 ||   162
